 Dungeon Sprint DCSS version 0.31-a0-43-g46d131a48f (webtiles) character file.

Game seed: 2137316482200281838

109 rocky1 the Covered (level 4, 0/31 HPs)
             Began as a Gargoyle Fighter on May 20, 2023.
             Was an Elder of Cheibriados.
             Killed by divine providence
             ... invoked by an orc priest
              (14 damage)
             ... in the Dungeon (Sprint VII: "The Pits").
             The game lasted 00:01:29 (1115 turns).

rocky1 the Covered (Gargoyle Fighter)               Turns: 1115, Time: 00:01:29

Health: 0/31       AC: 18    Str: 29    XL:     4   Next: 90%
Magic:  4/4        EV: 11    Int: 19    God:    Cheibriados [****..]
Gold:   0          SH:  6    Dex: 18    Spells: 3/3 levels left

rFire   . . .        g - +2 flail (protect)
rCold   . . .        c - +0 buckler
rNeg    + . .        b - +0 scale mail
rPois   ∞            (no helmet)
rElec   +            (no cloak)
rCorr   .            (no gloves)
SInv    .            (no boots)
Will    .....        (no amulet)
Stlth   +            (no ring)
HPRegen 0.25/turn    (no ring)
MPRegen 0.09/turn

%: no teleportation
@: under a protective aura, very slow
A: sickness immunity, AC +3, negative energy resistance 1, electricity
resistance, torment resistance 1, petrification resistance
a: Renounce Religion, Bend Time, Temporal Distortion, Slouch


You were in the Dungeon.
You worshipped Cheibriados.
Cheibriados was greatly pleased with you.
You visited 1 branch

Inventory:

Hand Weapons
 a - a +0 flail
 g - a +2 flail of protection (weapon)
Armour
 b - a +0 scale mail (worn)
 c - a +0 buckler (worn)
Scrolls
 j - a scroll of blinking
 l - 5 scrolls of amnesia
 m - a scroll of butterflies
Potions
 d - a potion of might
 e - 6 potions of curing
 f - 5 potions of heal wounds
 h - 4 potions of magic
 i - 3 potions of berserk rage
 k - 2 potions of invisibility


   Skills:
 + Level 5.5 Fighting
 + Level 5.1 Maces & Flails
 + Level 6.1 Armour
 + Level 1.6 Dodging
 + Level 1.7 Stealth
 + Level 4.9 Shields
 * Level 1.2 Invocations


You had 3 spell levels left.
You didn't know any spells.
Your spell library was empty.

Dungeon Overview and Level Annotations

Branches:
Dungeon (1/1)

Altars:
Ashenzari
Cheibriados
Dithmenos
Elyvilon
Fedhas
Gozag
Hepliaklqana
Kikubaaqudgha
Makhleb
Nemelex Xobeh
Okawaru
Qazlal
Ru
Sif Muna
Trog
Uskayaw
Vehumet
Wu Jian
Xom
Yredelemnul
Zin
The Shining One
Jiyva
Lugonu


Innate Abilities, Weirdness & Mutations

You are immune to sickness and miasma.
Your stone body is resilient. (AC +3)
You are immune to poison.
You resist negative energy. (rN+)
You are resistant to electric shocks. (rElec)
You are resistant to unholy torment.
You are immune to petrification.


Message History

You kill the gnoll!
Cheibriados appreciates the change of pace.
Cheibriados raises the support of your attributes as your movement slows.
A gnoll sergeant comes into view. It is wielding a +0 spear.
You hit the gnoll.
The gnoll is moderately wounded.
You block the gnoll's attack.
The orc priest looks satisfied for a moment.
The gnoll hits you with a +0 flail.
Unknown command.
Okay, then.
You completely miss the gnoll.
The gnoll is moderately wounded.
You block the gnoll's attack.
The gnoll sergeant hits you but does no damage.
You closely miss the gnoll.
The gnoll is moderately wounded.
The gnoll sergeant hits you from afar with a +0 spear!
An orc comes into view. It is wielding a +0 short sword.
The gnoll hits you but does no damage.
The orc shouts!
You sock the gnoll!
You kill the gnoll!
Cheibriados thoroughly appreciates the change of pace.
You can now inflict damage on those overly hasty.
Cheibriados raises the support of your attributes as your movement slows.
A gnoll comes into view. It is wielding a +0 club.
The gnoll sergeant hits you from afar with a +0 spear.
Your Maces & Flails skill increases to level 5!
Your Armour skill increases to level 6!
Unknown command.
You sock the gnoll!
You kill the gnoll!
Cheibriados appreciates the change of pace.
The gnoll sergeant misses you.
Your Invocations skill increases to level 1!
Unknown command.
The orc priest calls down the wrath of Beogh upon you.
Beogh smites you!
You die...

#......!....'.....
#'#####)#####.....
#.#.....#[[##.....
#.#.....#))#####'#
#.###'###))##.....
#.#.....#).##.....
#.#..).)#..##.....
#.####)##'###...<.
#@#........##.....
#.#........##.....
#g###########.....
#g. ###### #gg#


#Wog ##g## o. .# You could see a phantom, 2 gnoll sergeants, an orc priest, 3
gnolls, an orc and a goblin.

Vanquished Creatures
  An orc priest (D)
  An orc wizard (D)
  4 gnolls (D)
  An ufetubus (D)
  3 orcs (D)
  A giant cockroach (D)
  A ball python skeleton (D)
  A kobold (D)
  A quokka zombie (D)
  A rat (D)
15 creatures vanquished.

Notes
Turn   | Place    | Note
-------+----------+-------------------------------------------
     0 | D        | rocky1 the Gargoyle Fighter began the quest for the Orb.
     0 | D        | Reached XP level 1. HP: 14/14 MP: 1/1
    19 | D        | Found a bloodstained altar of Trog.
    19 | D        | Found a shimmering blue altar of Sif Muna.
    19 | D        | Found a viscous altar of Jiyva.
    19 | D        | Found a hazy altar of Hepliaklqana.
    19 | D        | Found an opulent altar of Gozag.
    20 | D        | Found a glowing golden altar of the Shining One.
    20 | D        | Found a glowing silver altar of Zin.
    20 | D        | Found a basalt altar of Yredelemnul.
    20 | D        | Found a shimmering altar of Xom.
    20 | D        | Found an ornate altar of the Wu Jian Council.
    20 | D        | Found a sacrificial altar of Ru.
    20 | D        | Found a stormy altar of Qazlal.
    20 | D        | Found an iron altar of Okawaru.
    20 | D        | Found a sparkling altar of Nemelex Xobeh.
    20 | D        | Found a burning altar of Makhleb.
    20 | D        | Found a blossoming altar of Fedhas.
    20 | D        | Found a white marble altar of Elyvilon.
    20 | D        | Found a shadowy altar of Dithmenos.
    20 | D        | Found a snail-covered altar of Cheibriados.
    23 | D        | Found a corrupted altar of Lugonu.
    23 | D        | Found a radiant altar of Vehumet.
    24 | D        | Found an ancient bone altar of Kikubaaqudgha.
    24 | D        | Found a hide-covered altar of Uskayaw.
    24 | D        | Found a broken altar of Ashenzari.
    31 | D        | Became a worshipper of Cheibriados the Contemplative
    88 | D        | Reached skill level 4 in Armour
    88 | D        | Reached XP level 2. HP: 20/20 MP: 2/2
   454 | D        | Reached * piety under Cheibriados
   684 | D        | Reached ** piety under Cheibriados
   685 | D        | Reached skill level 5 in Armour
   685 | D        | Reached XP level 3. HP: 16/25 MP: 3/3
   686 | D        | Reached skill level 5 in Fighting
   694 | D        | Reached skill level 1 in Stealth
   708 | D        | Reached *** piety under Cheibriados
   717 | D        | Reached skill level 1 in Dodging
   717 | D        | Reached XP level 4. HP: 10/31 MP: 4/4
  1106 | D        | Noticed a phantom
  1107 | D        | Noticed a gnoll sergeant
  1110 | D        | Noticed a gnoll sergeant
  1113 | D        | Reached **** piety under Cheibriados
  1114 | D        | Reached skill level 5 in Maces & Flails
  1114 | D        | Reached skill level 6 in Armour
  1115 | D        | Reached skill level 1 in Invocations
  1115 | D        | Killed from afar by an orc priest

Illustrated notes

Levels and vault maps discovered:
D:        pitsprint [storerooms_1, entrance_room_1, metal_vault_7, armoury_3,
          mini_pit_1, grid_room_1, main_hall_1, silver_pit, the_coven_3,
          the_vestibule_1, steel_vault_2, golden_pit, hallway_of_sentries,
          crystal_vault_1, iron_vault_4, final_vault]

Skill      XL: |  1  2  3  4 |
---------------+-------------+-----
Fighting       | 4 5 |  5.5
Armour         | 4 5 6 |  6.1
Shields        | 4 |  4.9
Maces & Flails | 3 4 5 |  5.1
Stealth        | 1 |  1.7
Dodging        | 1 |  1.6
Invocations    | 1 |  1.2

Action                     |  1- 3 |  4- 6 || total
---------------------------+-------+-------++-------
  Melee: Flail             |    60 |     8 ||    68
    Use: Potion            |     1 |       ||     1
 Armour: Scale mail        |    56 |     3 ||    59
  Dodge: Dodged            |    35 |     1 ||    36
  Block: Buckler           |    15 |     3 ||    18

Table legend: (Time is in decaauts)
 A = Elapsed time spent in this place.
 B = Non-inter-level travel time spent in this place.
 C = Inter-level travel time spent in this place.
 D = Time resting spent in this place.
 E = Time spent auto-exploring this place.
 F = Levels seen in this place.
 G = Mean time per level.
                   A        B        C        D        E       F      G
               +--------+--------+--------+--------+--------+-----+--------+
         Total |   1172 |   1145 |     27 |    907 |      0 |   1 | 1172.0 |
       Dungeon |   1172 |   1145 |     27 |    907 |      0 |   1 | 1172.0 |
               +--------+--------+--------+--------+--------+-----+--------+

Top non-repeatable levels by time:
       D: 1172 daAuts
